 Dungeon Crawl Stone Soup version 0.28.0 (webtiles) character file.

Game seed: 7109590697959452088

79586 PBDoughboyy the Blocker (level 15, -18/120 HPs)
             Began as a Gnoll Cinder Acolyte on Feb 17, 2022.
             Was an Initiate of Gozag.
             Demolished by an alligator snapping turtle (22 damage)
             ... on level 2 of the Shoals on Feb 18, 2022.
             The game lasted 04:48:05 (35621 turns).

PBDoughboyy the Blocker (Gnoll Cinder Acolyte)     Turns: 35621, Time: 04:48:05

Health: -18/120    AC: 16    Str: 19    XL:     15   Next: 64%
Magic:  0/29       EV: 18    Int: 19    God:    Gozag
Gold:   2325       SH: 11    Dex:  8    Spells: 16/35 levels left

rFire   + . .      SeeInvis .   U - +5 spear of the Apocalypse {flame, rF+ Str+4}
rCold   . . .      Faith    .   N - +0 buckler
rNeg    . . .      Spirit   .   t - +0 troll leather armour {Pargi}
rPois   .          Reflect  +   p - +0 helmet
rElec   .          Harm     .   (no cloak)
rCorr   .          Rampage  .   o - +0 pair of gloves
Will    +....                   X - +2 pair of boots
Stlth   ++++......              B - amulet of reflection
HPRegen 1.10/turn               A - +4 ring of evasion
MPRegen 0.21/turn               F - +4 ring of protection

@: studying Shields
A: fangs 1, strong nose, distributed training
a: Renounce Religion, Potion Petition, Call Merchant, Bribe Branch


You were on level 2 of the Shoals.
You worshipped Gozag.
Gozag was most pleased with you.
You visited 7 branches of the dungeon, and saw 25 of its levels.
You also visited: Ossuary.

You collected 3945 gold pieces.
You spent 1020 gold pieces at shops.
You paid 600 gold pieces to Gozag.

Inventory:

Hand Weapons
 J - the +2 hunting sling "Uzadghiz" {flame, rElec rC+}
   (You found it on level 7 of the Dungeon)

   Any ammunition fired from it burns those it strikes, dealing additional fire
   damage.
   rC:        It protects you from cold.
   rElec:     It insulates you from electricity.
 S - the +2 rapier of Virtue {holy, Will+ Str+2}
   (You found it on level 8 of the Dungeon)

   It has been blessed by the Shining One to cause great damage to the undead
   and demons.
   Str:       It affects your strength (+2).
   Will:      It increases your willpower.
 U - the +5 spear of the Apocalypse (weapon) {flame, rF+ Str+4}
   (You found it on level 12 of the Dungeon)

   It burns those it strikes, dealing additional fire damage.
   Str:       It affects your strength (+4).
   rF:        It protects you from fire.
Missiles
 a - 4 javelins
 m - 5 throwing nets
 w - 10 curare-tipped darts (quivered)
 D - 3 boomerangs of dispersal
 L - 127 sling bullets
 W - 3 atropa-tipped darts
Armour
 i - the +7 Kryia's mail coat {PotionHeal*2 rC+}
   (You found it on level 12 of the Dungeon)

   Potions are twice as effective at healing its wearer.
   rC:        It protects you from cold.
 o - a +0 pair of gloves (worn)
 p - a +0 helmet (worn)
 t - a +0 troll leather armour (worn) {Pargi}
 N - a +0 buckler (worn)
 X - a +2 pair of boots (worn)
Jewellery
 g - a ring of protection from fire
 k - a ring of flight
 A - a +4 ring of evasion (left hand)
 B - an amulet of reflection (around neck)
 F - a +4 ring of protection (right hand)
Wands
 j - a wand of iceblast (1)
 l - a wand of acid (4)
 y - a wand of digging (7)
 z - a wand of polymorph (12)
 E - a wand of paralysis (12)
Scrolls
 b - 4 scrolls of blinking
 d - 2 scrolls of fear
 f - 4 scrolls of enchant weapon
 h - 13 scrolls of teleportation
 q - 8 scrolls of amnesia
 u - a scroll of summoning {unknown}
 x - 8 scrolls of vulnerability
 K - 3 scrolls of magic mapping
 Q - a scroll of immolation {unknown}
 Z - a scroll of torment {unknown}
Potions
 c - 4 potions of heal wounds
 e - 2 potions of haste
 n - a potion of ambrosia {unknown}
 r - 3 potions of lignification
 s - 2 potions of mutation
 v - 3 potions of resistance
 C - 5 potions of magic
 G - 5 potions of curing
 H - a potion of berserk rage
 I - 2 potions of might
 M - a potion of flight {unknown}
 O - 7 potions of attraction
 T - 3 potions of brilliance
Miscellaneous
 R - a phantom mirror
 V - a condenser vane


   Skills:
 + Level 12.1 Fighting
 + Level 10.2 Short Blades
 + Level 10.2 Long Blades
 + Level 10.2 Axes
 + Level 12.1 Maces & Flails
 + Level 10.2 Polearms
 + Level 10.2 Staves
 + Level 10.2 Slings
 + Level 10.2 Bows
 + Level 10.2 Crossbows
 + Level 10.2 Throwing
 + Level 10.2 Armour
 + Level 10.2 Dodging
 + Level 10.2 Stealth
 + Level 13.3 Shields
 + Level 10.2 Unarmed Combat
 + Level 10.6 Spellcasting
 + Level 8.6 Conjurations
 + Level 8.6 Hexes
 + Level 8.6 Summonings
 + Level 8.6 Necromancy
 + Level 8.6 Translocations
 + Level 8.6 Transmutations
 + Level 10.2 Fire Magic
 + Level 8.6 Ice Magic
 + Level 8.6 Air Magic
 + Level 8.6 Earth Magic
 + Level 8.6 Poison Magic
 + Level 11.1 Invocations
 + Level 10.2 Evocations


You had 16 spell levels left.
You knew the following spells:

 Your Spells              Type           Power      Damage    Failure   Level
a - Scorch                Fire           98%        2d9       1%          2
b - Mephitic Cloud        Conj/Pois/Air  42%        N/A       1%          3
c - Hailstorm             Conj/Ice       42%        3d10      2%          4
d - Call Canine Familiar  Summ           42%        N/A       1%          3
e - Ozocubu's Armour      Ice            42%        N/A       1%          3
f - Fulminant Prism       Conj/Hex       21%        3d13      2%          4

Your spell library contained the following spells:

 Spells                   Type           Power      Damage    Failure   Level
 Magic Dart               Conj           100%       1d8       1%          1
 Summon Small Mammal      Summ           100%       N/A       1%          1
 Call Imp                 Summ           42%        N/A       1%          2
 Searing Ray              Conj           84%        2d7       1%          2
 Summon Guardian Golem    Hex/Summ       42%        N/A       1%          3
 Ice Form                 Ice/Tmut       42%        N/A       2%          4
 Passage of Golubria      Tloc           42%        N/A       2%          4
 Silence                  Hex/Air        21%        N/A       8%          5
 Dispersal                Tloc           21%        N/A       38%         6
 Simulacrum               Ice/Necr       21%        N/A       38%         6
 Ozocubu's Refrigeration  Ice            21%        4d9       92%         7
 Disjunction              Tloc           21%        N/A       100%        8
 Lehudib's Crystal Spear  Conj/Erth      21%        10d6      100%        8


Dungeon Overview and Level Annotations

Branches:
Dungeon (12/15)            Temple (1/1) D:6            Lair (6/6) D:11
 Shoals (2/4) Lair:4       Spider (1/4) Lair:2        Slime (1/5) Lair:5
    Orc (2/2) D:12            Elf (0/3) Orc:2       Ossuary (visited)

Altars:
Cheibriados
Dithmenos
Fedhas
Gozag
Hepliaklqana
Kikubaaqudgha
Okawaru
Qazlal
Sif Muna
Trog
Vehumet
Wu Jian
Xom
Yredelemnul
Zin
The Shining One
Beogh
Jiyva

Shops:
D:8 [   Orc:2 ::

Annotations:
D:9 3 runed translucent doors, browni3141's ghost, journeyman MiBe
Lair:4 3 runed translucent doors, Kuerar's ghost, journeyman BaFi
Lair:5 Kirke
Orc:2 Erolcha


Innate Abilities, Weirdness & Mutations

You have very sharp teeth.
Your uncanny sense of smell can sniff out nearby items.
Your experience applies equally to all skills.


Message History

The alligator snapping turtle closely misses your wolf.
You puncture the alligator snapping turtle!
You burn the alligator snapping turtle.
The alligator snapping turtle is almost dead.
Your wolf bites the alligator snapping turtle but does no damage.
You hit the alligator snapping turtle but do no damage.
The alligator snapping turtle is almost dead.
Your wolf bites the alligator snapping turtle but does no damage.
The alligator snapping turtle bites you!!
* * * LOW HITPOINT WARNING * * *
Your wolf bites the alligator snapping turtle but does no damage. x2
The alligator snapping turtle bites your wolf.
There is a stone staircase leading up, spattered with blood here.
Casting: Call Canine Familiar (safe; 1% risk of failure)
Confirm with . or Enter, or press ? or * to list all spells.
You don't have enough magic to cast this spell.
Unknown command.
Press: ? - help, v - describe, . - travel The floor.
Unknown command.
Press: ? - help, v - describe, . - travel
Here: an alligator snapping turtle (almost dead, ally target)
The floor, spattered with blood.
Unknown command.
Your wolf bites the alligator snapping turtle!
Your wolf bites the alligator snapping turtle but does no damage.
Your wolf bites the alligator snapping turtle.
The alligator snapping turtle bites your wolf!!
Your wolf dies!
Your wolf's corpse disappears in a puff of smoke!
Casting: Call Canine Familiar (safe; 1% risk of failure)
Confirm with . or Enter, or press ? or * to list all spells.
You don't have enough magic to cast this spell.
Casting: Call Canine Familiar (safe; 1% risk of failure)
Confirm with . or Enter, or press ? or * to list all spells.
The alligator snapping turtle bites you from afar!!
* * * LOW HITPOINT WARNING * * *
The alligator snapping turtle bites you from afar!!
You die...
Your body crumbles into a pile of gold.

.≈≈≈≈....#...≈≈....≈≈≈≈≈≈≈≈≈
..≈≈≈..# #..≈..........≈≈≈≈
≈..≈...# ##.>..#........≈≈≈≈
≈≈≈≈..## #...≈.#.........≈≈≈∆
≈≈≈≈..####....##.......#+#≈..
≈≈≈............#.......+ .≈.
≈≈≈≈≈.....≈............#+#≈≈.
≈≈≈≈≈...≈≈..........(.....≈≈.
≈≈≈≈≈.≈.≈...#$..@...(.....≈≈≈
≈≈≈≈≈≈≈.....<....h((.....?≈≈≈
≈≈≈≈≈≈≈.≈...$$...t(..........
≈≈≈≈≈≈≈≈≈≈≈≈$..........(.....
≈≈≈≈≈≈≈≈≈≈≈≈≈.(....(.........
≈≈≈≈≈≈≈≈≈≈≈≈≈≈≈..............
≈≈≈≈≈≈≈≈≈≈≈≈≈≈........####..
≈≈≈≈≈≈≈≈≈≈≈≈........[# ..
≈≈≈≈≈≈≈≈≈≈≈≈...≈.....#


You could see an alligator snapping turtle (ally target) and a friendly wolf
(summoned).

Vanquished Creatures
  Jorgrun (Orc:2)
  Rupert (Lair:6)
  Gastronok (Lair:3)
  A merfolk impaler (Shoals:1)
  A fire dragon (Lair:6)
  Josephine (Shoals:1)
  6 hydras
  An ogre mage (Orc:2)
  A catoblepas (Lair:5)
  5 two-headed ogres
  A merfolk avatar (Shoals:2)
  2 centaur warriors
  Urug (D:11)
  4 sea snakes (Shoals:1)
  Pikel (D:6)
  6 harpies
  A lindwurm (Lair:6)
  2 deep elf pyromancers (D:12)
  5 orc sorcerers (Orc:2)
  3 orc knights
  5 elephants (Lair:5)
  3 ugly things
  3 fauns (Shoals:1)
  6 merfolk sirens
  4 cyclopes
  3 manticores
  A wolf spider (Lair:2)
  5 black mambas
  Joseph (D:8)
  2 molten gargoyles (Lair:6)
  A water nymph (Shoals:1)
  9 cane toads
  2 torpor snails
  3 gargoyles
  A rime drake (Lair:2)
  3 unseen horrors
  9 komodo dragons
  A meliai (D:12)
  3 yaktaurs
  2 polar bears (Lair:4)
  7 merfolk
  A queen bee (Lair:1)
  5 trolls
  Prince Ribbit (D:7)
  16 blink frogs
  A wind drake (Shoals:1)
  6 dream sheep
  2 snapping turtles
  2 shadows (D:10)
  13 spriggans
  A water elemental (Shoals:2)
  10 wraiths
  17 fire elementals
  A human (shapeshifter) (D:12)
  Menkaure (D:5)
  33 yaks
  4 wyverns
  7 basilisks
  2 steam dragons (Lair:6)
  3 vampire mosquitoes (D:12)
  3 acid dragons
  2 wargs (Orc:1)
  4 hell hounds (Lair:6)
  14 water moccasins
  Duvessa (D:5)
  Pargi (D:3)
  12 orc warriors
  2 ice beasts
  2 black bears
  A necrophage (D:5)
  6 ogres
  12 wolves
  11 centaurs
  3 phantoms
  A lemure (D:6)
  A kobold brigand (D:9)
  Blork the orc (D:5)
  An elf zombie (D:8)
  A wyvern zombie (D:8)
  9 bullfrogs
  2 elf skeletons (D:8)
  Dowan (D:5)
  A water moccasin skeleton (D:5)
  39 killer bees
  3 wights (D:8)
  An electric eel (Lair:5)
  A howler monkey (D:7)
  5 lava snakes (Lair:6)
  2 bullfrog zombies (D:6)
  4 jellies
  5 centaur zombies
  A human zombie (D:8)
  10 orc priests
  3 hounds
  2 centaur skeletons (D:6)
  2 gnoll shamans
  Jessica (D:2)
  2 human skeletons (D:8)
  5 iguanas
  Ijyb (D:5)
  23 orc wizards
  12 hell rats
  A hound zombie (D:5)
  A hound skeleton (D:4)
  13 mummies (Ossuary)
  A howler monkey zombie (D:11)
  15 gnolls
  4 adders
  2 shadow imps (D:8)
  An ufetubus (D:6)
  An adder zombie (D:3)
  3 dart slugs
  54 orcs
  15 bats
  6 endoplasms
  6 giant cockroaches
  8 goblins
  10 hobgoblins
  8 kobolds
  6 quokkas
  5 ball pythons
  A ball python zombie (D:3)
  2 frilled lizards
  A gnoll skeleton (Ossuary)
  2 goblin skeletons (Ossuary)
  A kobold skeleton (Ossuary)
  7 orc skeletons
  2 orc zombies (D:8)
  A quokka skeleton (D:4)
  6 rats
  11 rat skeletons (Ossuary)
  3 fulminant prisms (Shoals:1)
656 creatures vanquished.

Vanquished Creatures (collateral kills)
  A merfolk impaler (Shoals:1)
  A water nymph (Shoals:1)
  A wind drake (Shoals:2)
  A dream sheep (Shoals:2)
  A yak (Lair:1)
  2 vampire mosquitoes (D:12)
  7 killer bees
14 creatures vanquished.

Vanquished Creatures (others)
  A yak (Lair:1)
  A killer bee (D:9)
  32 foxfires
  43 fulminant prisms
  29 fungi
  53 plants
159 creatures vanquished.

Grand Total: 829 creatures vanquished

Notes
Turn   | Place    | Note
-------+----------+-------------------------------------------
     0 | D:1      | PBDoughboyy the Gnoll Cinder Acolyte began the quest for
                  | the Orb.
     0 | D:1      | Reached XP level 1. HP: 23/23 MP: 4/4
   104 | D:1      | Reached XP level 2. HP: 29/29 MP: 5/5
   107 | D:1      | Learned a level 2 spell: Scorch
   806 | D:2      | Reached XP level 3. HP: 35/35 MP: 1/7
   987 | D:2      | You fall into a shaft and drop 2 floors!
  1045 | D:4      | Reached skill level 1 in Short Blades
  1045 | D:4      | Reached skill level 1 in Long Blades
  1045 | D:4      | Reached skill level 1 in Axes
  1045 | D:4      | Reached skill level 1 in Polearms
  1045 | D:4      | Reached skill level 1 in Staves
  1045 | D:4      | Reached skill level 1 in Slings
  1045 | D:4      | Reached skill level 1 in Bows
  1045 | D:4      | Reached skill level 1 in Crossbows
  1045 | D:4      | Reached skill level 1 in Throwing
  1045 | D:4      | Reached skill level 1 in Armour
  1045 | D:4      | Reached skill level 1 in Dodging
  1045 | D:4      | Reached skill level 1 in Stealth
  1045 | D:4      | Reached skill level 1 in Shields
  1045 | D:4      | Reached skill level 1 in Unarmed Combat
  1045 | D:4      | Reached skill level 1 in Invocations
  1045 | D:4      | Reached skill level 1 in Evocations
  1045 | D:4      | Reached XP level 4. HP: 33/41 MP: 5/8
  1046 | D:4      | Reached skill level 1 in Conjurations
  1046 | D:4      | Reached skill level 1 in Hexes
  1046 | D:4      | Reached skill level 1 in Summonings
  1046 | D:4      | Reached skill level 1 in Necromancy
  1046 | D:4      | Reached skill level 1 in Translocations
  1046 | D:4      | Reached skill level 1 in Transmutations
  1046 | D:4      | Reached skill level 1 in Ice Magic
  1046 | D:4      | Reached skill level 1 in Air Magic
  1046 | D:4      | Reached skill level 1 in Earth Magic
  1046 | D:4      | Reached skill level 1 in Poison Magic
  1056 | D:4      | Reached XP level 5. HP: 26/47 MP: 2/9
  1376 | D:4      | Found an opulent altar of Gozag.
  1820 | D:2      | Noticed Jessica
  1822 | D:2      | Killed Jessica
  1823 | D:2      | Reached XP level 6. HP: 53/53 MP: 10/10
  2430 | D:3      | Reached skill level 2 in Shields
  3000 | D:3      | Noticed Pargi
  3006 | D:3      | Killed Pargi
  3007 | D:3      | Reached XP level 7. HP: 60/60 MP: 3/12
  3158 | D:3      | Found a basalt altar of Yredelemnul.
  4217 | D:5      | Entered Level 5 of the Dungeon
  4251 | D:5      | Reached XP level 8. HP: 67/67 MP: 7/14
  4339 | D:5      | Reached skill level 3 in Shields
  4384 | D:5      | Noticed Blork the orc
  4393 | D:5      | Killed Blork the orc
  4574 | D:5      | Noticed Menkaure
  4579 | D:5      | Killed Menkaure
  4581 | D:5      | Noticed Ijyb
  4585 | D:5      | Killed Ijyb
  5043 | D:5      | Noticed Duvessa
  5046 | D:5      | Noticed Dowan
  5059 | D:5      | Killed Duvessa
  5086 | D:5      | Killed Dowan
  5124 | D:5      | Noticed Sigmund
  5127 | D:5      | Noticed Sigmund
  5127 | D:5      | Sigmund changed into Sigmund the water moccasin
  5130 | D:5      | Killed Sigmund the water moccasin
  5131 | D:5      | Reached XP level 9. HP: 61/73 MP: 8/16
  6518 | D:6      | Reached skill level 4 in Shields
  6562 | D:6      | Found a staircase to the Ecumenical Temple.
  6567 | D:6      | Reached skill level 5 in Spellcasting
  6622 | Temple   | Entered the Ecumenical Temple
  6864 | D:6      | Learned a level 3 spell: Mephitic Cloud
  6895 | D:6      | Noticed Pikel
  6903 | D:6      | Killed Pikel
  7152 | D:6      | Noticed a white ugly thing
  7201 | D:6      | Killed a white ugly thing
  7202 | D:6      | Reached skill level 5 in Invocations
  7431 | D:6      | Found a glowing golden altar of the Shining One.
  7969 | D:7      | Found an iron altar of Okawaru.
  7986 | D:7      | Noticed Prince Ribbit
  8027 | D:7      | Killed Prince Ribbit
  8028 | D:7      | Reached XP level 10. HP: 80/80 MP: 18/18
  8052 | D:7      | Identified the +2 hunting sling "Uzadghiz" {flame, rElec
                  | rC+}
  8583 | D:8      | Noticed Maggie
  8587 | D:8      | Noticed Maggie
  8587 | D:8      | Maggie changed into Maggie the wyvern
  8599 | D:8      | Killed Maggie the wyvern
  8603 | D:8      | Reached skill level 5 in Short Blades
  8603 | D:8      | Reached skill level 5 in Long Blades
  8603 | D:8      | Reached skill level 5 in Axes
  8603 | D:8      | Reached skill level 5 in Polearms
  8603 | D:8      | Reached skill level 5 in Staves
  8603 | D:8      | Reached skill level 5 in Slings
  8603 | D:8      | Reached skill level 5 in Bows
  8603 | D:8      | Reached skill level 5 in Crossbows
  8603 | D:8      | Reached skill level 5 in Throwing
  8603 | D:8      | Reached skill level 5 in Armour
  8603 | D:8      | Reached skill level 5 in Dodging
  8603 | D:8      | Reached skill level 5 in Stealth
  8603 | D:8      | Reached skill level 5 in Shields
  8603 | D:8      | Reached skill level 5 in Unarmed Combat
  8603 | D:8      | Reached skill level 5 in Evocations
  9004 | D:8      | Found a sand-covered staircase.
  9083 | Ossuary  | Entered an ossuary
  9748 | D:8      | Found Heinat's Antique Armour Emporium.
  9759 | D:8      | Bought a steaming robe for 108 gold pieces
  9759 | D:8      | Identified the +3 robe of Qiopun Hinn {Will+} (You bought
                  | it in a shop on level 8 of the Dungeon)
 10178 | D:8      | Identified the +2 rapier of Virtue {holy, Will+ Str+2}
 10183 | D:8      | Noticed Joseph
 10209 | D:8      | Killed Joseph
 10623 | D:9      | Noticed a two-headed ogre
 10626 | D:9      | Reached skill level 6 in Shields
 10631 | D:9      | Killed a two-headed ogre
 10923 | D:9      | Reached XP level 11. HP: 87/87 MP: 10/20
 11143 | D:9      | Found a blossoming altar of Fedhas.
 11453 | D:9      | Noticed a red ugly thing
 11454 | D:9      | Found a runed translucent gate.
 11454 | D:9      | Found a runed translucent gate.
 11454 | D:9      | Found a runed translucent gate.
 11454 | D:9      | Noticed browni3141's ghost (journeyman MiBe)
 11454 | D:9      | Noticed a catoblepas
 11746 | D:10     | Entered Level 10 of the Dungeon
 11863 | D:10     | Reached skill level 5 in Conjurations
 11863 | D:10     | Reached skill level 5 in Hexes
 11863 | D:10     | Reached skill level 5 in Summonings
 11863 | D:10     | Reached skill level 5 in Necromancy
 11863 | D:10     | Reached skill level 5 in Translocations
 11863 | D:10     | Reached skill level 5 in Transmutations
 11863 | D:10     | Reached skill level 5 in Ice Magic
 11863 | D:10     | Reached skill level 5 in Air Magic
 11863 | D:10     | Reached skill level 5 in Earth Magic
 11863 | D:10     | Reached skill level 5 in Poison Magic
 12013 | D:10     | Reached skill level 7 in Shields
 12300 | D:10     | Noticed a two-headed ogre
 12314 | D:10     | Killed a two-headed ogre
 13008 | D:11     | Noticed a cyclops
 13157 | D:11     | Found a staircase to the Lair.
 13170 | D:11     | Killed a cyclops
 13462 | D:11     | Noticed a two-headed ogre
 13481 | D:11     | Killed a two-headed ogre
 13550 | D:11     | Noticed Urug
 13564 | D:11     | Killed Urug
 13565 | D:11     | Reached skill level 8 in Shields
 13681 | D:11     | Noticed a manticore
 13688 | D:11     | Killed a manticore
 13982 | D:12     | Found a staircase to the Orcish Mines.
 14011 | D:12     | Found the +7 Kryia's mail coat {PotionHeal*2 rC+}
 14046 | D:12     | Reached XP level 12. HP: 78/96 MP: 23/23
 14133 | D:12     | Noticed a two-headed ogre
 14147 | D:12     | Killed a two-headed ogre
 14498 | D:12     | Noticed a centaur warrior
 14534 | D:12     | Reached skill level 9 in Shields
 14558 | D:12     | Killed a centaur warrior
 14679 | D:12     | Identified the +5 spear of the Apocalypse {flame, rF+
                  | Str+4}
 14761 | D:12     | Reached skill level 10 in Fighting
 14761 | D:12     | Reached skill level 10 in Maces & Flails
 14800 | D:12     | Noticed a two-headed ogre
 14809 | D:12     | Killed a two-headed ogre
 14872 | D:12     | Noticed a crystal guardian
 15219 | D:12     | Noticed a boulder beetle
 15487 | Orc:1    | Entered Level 1 of the Orcish Mines
 15811 | Orc:1    | Reached XP level 13. HP: 103/103 MP: 25/25
 15872 | Orc:2    | Entered Level 2 of the Orcish Mines
 16239 | Orc:1    | Reached skill level 10 in Shields
 16392 | Orc:2    | Found a staircase to the Elven Halls.
 16436 | Orc:2    | Learned a level 4 spell: Hailstorm
 16635 | Lair:1   | Entered Level 1 of the Lair of Beasts
 16649 | Lair:1   | Noticed Harold
 16651 | Lair:1   | Noticed Harold
 16651 | Lair:1   | Harold changed into Harold the iguana
 16657 | Lair:1   | Killed Harold the iguana
 17053 | D:4      | Fell from the grace of Ignis
 17053 | D:4      | Became a worshipper of Gozag Ym Sagoz the Greedy
 21728 | Lair:1   | Noticed Sonja
 21828 | Lair:1   | Noticed Sonja
 21828 | Lair:1   | Sonja changed into Sonja the queen bee
 21844 | Lair:1   | Killed Sonja the queen bee
 22360 | Lair:1   | Identified the +0 scale mail "Idocsypp" {Will- Str+2 Dex+2}
 23080 | Lair:2   | Found a hole to the Spider Nest.
 23096 | Lair:2   | Reached skill level 11 in Shields
 23408 | Lair:2   | You fall into a shaft and drop 2 floors!
 23933 | Lair:3   | Reached XP level 14. HP: 106/113 MP: 27/27
 24372 | Lair:2   | You fall into a shaft and drop 2 floors!
 24386 | Lair:4   | Found a runed translucent gate.
 24386 | Lair:4   | Found a runed translucent gate.
 24388 | Lair:4   | Found a runed translucent gate.
 26396 | Lair:3   | You fall into a shaft and drop 3 floors!
 26396 | Lair:6   | Entered Level 6 of the Lair of Beasts
 26396 | Lair:6   | Was forgiven by Ignis
 26440 | Lair:6   | Noticed Rupert
 27154 | Lair:3   | Noticed Gastronok
 27165 | Lair:3   | Killed Gastronok
 27747 | Lair:4   | Found a staircase to the Shoals.
 27755 | Shoals:1 | Entered Level 1 of the Shoals
 27940 | Lair:4   | Reached skill level 10 in Invocations
 28188 | Lair:4   | Noticed Kuerar's ghost (journeyman BaFi)
 28697 | Lair:5   | Found a viscous altar of Jiyva.
 28697 | Lair:5   | Found a staircase to the Slime Pits.
 28703 | Slime:1  | Entered Level 1 of the Pits of Slime
 29384 | Lair:5   | Noticed Kirke
 29449 | Lair:5   | Reached skill level 12 in Shields
 29740 | Lair:6   | Killed Rupert
 30348 | Lair:6   | Reached skill level 10 in Spellcasting
 30793 | Lair:6   | Found a large runed translucent door.
 30793 | Lair:6   | Found a large runed translucent door.
 31429 | Spider:1 | Entered Level 1 of the Spider Nest
 31712 | Orc:2    | Noticed Jorgrun
 32109 | Orc:2    | Killed Jorgrun
 32167 | Orc:2    | Reached XP level 15. HP: 120/120 MP: 19/29
 32663 | Orc:2    | Found Lotrucem's Book Emporium.
 32706 | Orc:2    | Bought a book of Callings for 340 gold pieces
 32710 | Orc:2    | Learned a level 3 spell: Call Canine Familiar
 32722 | Orc:2    | Found Veaxe's Book Shoppe.
 32774 | Orc:2    | Bought a book of Conjurations for 260 gold pieces
 32774 | Orc:2    | Bought Ozocubu's Autobiography for 312 gold pieces
 32778 | Orc:2    | Learned a level 3 spell: Ozocubu's Armour
 32783 | Orc:2    | Learned a level 4 spell: Fulminant Prism
 32811 | Orc:2    | Found a radiant altar of Vehumet.
 32811 | Orc:2    | Noticed Erolcha
 33101 | Shoals:1 | Noticed Josephine
 33132 | Shoals:1 | Killed Josephine
 33133 | Shoals:1 | Reached skill level 10 in Fire Magic
 33689 | Shoals:1 | Reached skill level 10 in Short Blades
 33689 | Shoals:1 | Reached skill level 10 in Long Blades
 33689 | Shoals:1 | Reached skill level 10 in Axes
 33689 | Shoals:1 | Reached skill level 10 in Polearms
 33689 | Shoals:1 | Reached skill level 10 in Staves
 33689 | Shoals:1 | Reached skill level 10 in Slings
 33689 | Shoals:1 | Reached skill level 10 in Bows
 33689 | Shoals:1 | Reached skill level 10 in Crossbows
 33689 | Shoals:1 | Reached skill level 10 in Throwing
 33689 | Shoals:1 | Reached skill level 10 in Armour
 33689 | Shoals:1 | Reached skill level 10 in Dodging
 33689 | Shoals:1 | Reached skill level 10 in Stealth
 33689 | Shoals:1 | Reached skill level 10 in Unarmed Combat
 33689 | Shoals:1 | Reached skill level 10 in Evocations
 33886 | Shoals:1 | Reached skill level 13 in Shields
 35620 | Shoals:2 | HP: 3/120 [alligator snapping turtle (29)]
 35621 | Shoals:2 | Demolished by an alligator snapping turtle

Illustrated notes

Levels and vault maps discovered:
D:1:      dpeg_arrival_renting, layout_rooms, st_stairs_6
D:2:      layout_loops_corners, uniq_jessica
D:3:      minmay_octagon_keep, layout_loops_cross,
          lemuel_zombie_altar_yredelemnul, minmay_increasing_density, uniq_pargi
D:4:      layout_gridville, mainiacjoe_overflow_six_doors_small
D:5:      layout_layer_cave, roderic_batcave, uniq_menkaure, uniq_sigmund,
          uniq_blork_the_orc, uniq_duvessa, uniq_ijyb
D:6:      minmay_chambers_of_fours, layout_basic,
          grunt_temple_overflow_lords_of_destruction,
          mainiacjoe_overflow_alcove_1, minmay_overflow_temple_star_hex,
          minmay_temple_entry_ruins, uniq_pikel
D:7:      layout_cave_pools, mainiacjoe_overflow_concentric_impassable,
          uniq_prince_ribbit1
D:8:      layout_basic, nicolae_ossuary_entry_catacombs, serial_shops,
          nicolae_shop_statue_plus, minmay_manual_mares, uniq_maggie,
          uniq_joseph
D:9:      layout_gridville, mainiacjoe_overflow_surrounded_room,
          gammafunk_ghost_split
D:10:     layout_layer_cave, minivault_23
D:11:     layout_big_octagon, lair_entry_dummy, uniq_urug
D:12:     minmay_the_grid_3x3 [minmay_the_grid_all_tris,
          minmay_the_grid_spin_star, minmay_the_grid_square_x,
          minmay_the_grid_rooms, minmay_the_grid_tree,
          minmay_the_grid_large_cup, minmay_the_grid_zigzag_pyramid,
          minmay_the_grid_eight, minmay_the_grid_prize_trominoes],
          layout_gridville, orc_0_dummy, serial_shops,
          nicolae_shop_bloodbath_and_beyond
Temple:   dpeg_chambers_temple
Lair:1:   wad_woods_minihive, layout_cellular_growth, uniq_sonja, uniq_harold
Lair:2:   layout_cave_pods, spider_nest_entry_rubble, grunt_megastairs_3
Lair:3:   layout_roguey, gauntlet_entry_generic, uniq_gastronok
Lair:4:   layout_long_grid, minmay_shoals_entry_lonely_mermaid,
          gammafunk_ghost_icy, grunt_forest_stairs_clearing, grunt_megastairs_5
Lair:5:   layout_gridlike, dpeg_slime_entry_enclosed_altar, uniq_kirke
Lair:6:   cheibrodos_lair_end_hotspot, layout_regular_city, uniq_rupert
Shoals:1: layout_shoals, nicolae_shoals_lost_giant_amphitheater, uniq_josephine
Shoals:2: layout_shoals, serial_shops, nicolae_shop_behind_doors
Spider:1: layout_chambers, hangedman_spider_tarantella_strand
Slime:1:  cheibrodos_slime_lost_civilization_2, layout_caves
Orc:1:    layout_diamond_mine, basic_altar, mines2_lemuel
Orc:2:    kennysheep_orc_mage_school, layout_diamond_mine, uniq_jorgrun

Skill      XL: |  1  2  3  4  5  6  7  8  9 10 11 12 13 14 15 |
---------------+----------------------------------------------+-----
Short Blades   | 1 2 3 4 5 6 7 8 9 10 | 10.2
Long Blades    | 1 2 3 4 5 6 7 8 9 10 | 10.2
Axes           | 1 2 3 4 5 6 7 8 9 10 | 10.2
Polearms       | 1 2 3 4 5 6 7 8 9 10 | 10.2
Staves         | 1 2 3 4 5 6 7 8 9 10 | 10.2
Slings         | 1 2 3 4 5 6 7 8 9 10 | 10.2
Bows           | 1 2 3 4 5 6 7 8 9 10 | 10.2
Crossbows      | 1 2 3 4 5 6 7 8 9 10 | 10.2
Throwing       | 1 2 3 4 5 6 7 8 9 10 | 10.2
Armour         | 1 2 3 4 5 6 7 8 9 10 | 10.2
Dodging        | 1 2 3 4 5 6 7 8 9 10 | 10.2
Stealth        | 1 2 3 4 5 6 7 8 9 10 | 10.2
Shields        | 1 2 3 4 6 8 9 11 12 13 | 13.3
Unarmed Combat | 1 2 3 4 5 6 7 8 9 10 | 10.2
Invocations    | 1 2 3 4 5 6 7 8 9 10 11 | 11.1
Evocations     | 1 2 3 4 5 6 7 8 9 10 | 10.2
Spellcasting   | 3 4 5 6 7 8 9 10 | 10.6
Conjurations   | 1 2 3 4 5 6 7 8 |  8.6
Hexes          | 1 2 3 4 5 6 7 8 |  8.6
Summonings     | 1 2 3 4 5 6 7 8 |  8.6
Necromancy     | 1 2 3 4 5 6 7 8 |  8.6
Translocations | 1 2 3 4 5 6 7 8 |  8.6
Transmutations | 1 2 3 4 5 6 7 8 |  8.6
Ice Magic      | 1 2 3 4 5 6 7 8 |  8.6
Air Magic      | 1 2 3 4 5 6 7 8 |  8.6
Earth Magic    | 1 2 3 4 5 6 7 8 |  8.6
Poison Magic   | 1 2 3 4 5 6 7 8 |  8.6
Fighting       | 7 8 9 10 11 12 | 12.1
Maces & Flails | 7 8 9 10 11 12 | 12.1
Fire Magic     | 6 7 8 9 10 | 10.2

Action                   |  1- 3 |  4- 6 |  7- 9 | 10-12 | 13-15 || total
-------------------------+-------+-------+-------+-------+-------++-------
Melee: Mace              |    20 |    29 |    68 |       |       ||   117
       Bite              |     1 |     3 |    15 |    31 |   206 ||   256
       Unarmed           |       |       |    51 |       |       ||    51
       Punch             |       |       |     3 |       |       ||     3
       Whip              |       |       |    28 |       |       ||    28
       Rapier            |       |       |       |   175 |    44 ||   219
       Hunting sling     |       |       |       |    29 |       ||    29
       Spear             |       |       |       |    60 |  1608 ||  1668
 Fire: Hunting sling     |       |       |       |   325 |   250 ||   575
Throw: Javelin           |    14 |    29 |    50 |     8 |    31 ||   132
       Dart              |       |       |     2 |       |     1 ||     3
 Cast: Scorch            |    13 |    31 |    93 |   174 |    23 ||   334
       Mephitic Cloud    |       |       |       |    53 |   131 ||   184
       Hailstorm         |       |       |       |       |    60 ||    60
       Fulminant Prism   |       |       |       |       |    47 ||    47
       Call Canine Famil |       |       |       |       |    27 ||    27
       Ozocubu's Armour  |       |       |       |       |     3 ||     3
Invok: Foxfire Swarm     |     1 |       |       |       |     2 ||     3
       Fiery Armour      |       |     2 |     3 |     2 |     1 ||     8
Evoke: Wand              |       |       |     3 |    31 |    19 ||    53
       Phantom mirror    |       |       |       |       |     2 ||     2
  Use: Scroll            |       |       |       |    13 |    17 ||    30
       Potion            |       |       |       |       |     9 ||     9
 Stab: Paralysed         |       |       |     7 |     4 |       ||    11
       Sleeping          |       |       |     2 |       |     3 ||     5
       Confused          |       |       |       |    10 |    89 ||    99
       Distracted        |       |       |       |       |    10 ||    10
       Petrified         |       |       |       |       |     2 ||     2
       Petrifying        |       |       |       |       |     1 ||     1
Armor: Robe              |     4 |    10 |       |       |       ||    14
       Troll leather arm |       |       |    61 |    98 |   276 ||   435
       Skin              |       |       |     4 |       |       ||     4
Dodge: Dodged            |    10 |    16 |   141 |   245 |   689 ||  1101
Block: Buckler           |       |       |       |   109 |   653 ||   762
       Reflection        |       |       |       |     5 |    20 ||    25
